 Dungeon Crawl Stone Soup version 0.22.1-2-g9c5b331383 (webtiles) character file.

111 Grim the Firebug (level 4, -2/33 HPs)
             Began as a Draconian Fire Elementalist on Jan 3, 2019.
             Was an Initiate of the Shining One.
             Blown up by Ijyb (17 damage)
             ... with a wand of disintegration (7)
             ... on level 3 of the Dungeon.
             The game lasted 00:09:36 (3608 turns).

Grim the Firebug (Draconian Fire Elementalist)      Turns: 3608, Time: 00:09:37

Health: -2/33      AC:  5    Str: 10    XL:     4   Next: 62%
Magic:  0/7        EV: 12    Int: 17    God:    the Shining One [......]
Gold:   103        SH:  0    Dex: 11    Spells: 1/7 levels left

rFire    . . .     SeeInvis .   p - +0 falchion
rCold    + . .     Gourm    .   (no shield)
rNeg     . . .     Faith    .   (armour unavailable)
rPois    .         Spirit   .   (helmet restricted)
rElec    .         Reflect  .   (no cloak)
rCorr    .         Harm     .   (no gloves)
MR       .....                  (no boots)
Stlth    +.........             i - amulet of rage
HPRegen  0.11/turn              m - ring of protection from cold
MPRegen  0.10/turn              q - +1 ring of slaying

@: very slightly contaminated, glowing
A: unfitting armour, cold-blooded, AC +5
a: Renounce Religion, Evoke Berserk Rage


You were on level 3 of the Dungeon.
You worshipped the Shining One.
The Shining One was noncommittal.
You were not hungry.

You visited 1 branch of the dungeon, and saw 3 of its levels.

You collected 103 gold pieces.

Inventory:

Hand Weapons
 p - a +0 falchion (weapon)
Jewellery
 g - an uncursed amulet of the acrobat
 i - an amulet of rage (around neck)
 m - a ring of protection from cold (left hand)
 n - an uncursed ring of flight
 q - a +1 ring of slaying (right hand)
Scrolls
 c - 3 scrolls of teleportation {unknown}
 d - a scroll of fear {unknown}
 e - 3 scrolls of identify {unknown}
 k - 3 scrolls of remove curse {unknown}
 l - a scroll of fog {unknown}
Potions
 a - a potion of flight
 f - a potion of resistance {unknown}
 j - a potion of invisibility {unknown}
 o - a potion of lignification {unknown}
 r - a potion of magic {unknown}
Comestibles
 b - 3 rations
 h - 4 chunks of flesh


   Skills:
 - Level 1.7 Dodging
 - Level 1.7 Stealth
 - Level 2.0 Spellcasting
 + Level 3.2 Conjurations
 + Level 4.3 Fire Magic


You had one spell level left.
You knew the following spells:

 Your Spells              Type           Power        Failure   Level  Hunger
a - Flame Tongue          Conj/Fire      ##...        4%          1    #......
b - Conjure Flame         Conj/Fire      ##......     12%         3    ###....
c - Throw Flame           Conj/Fire      ##....       6%          2    ###....

Your spell library contained the following spells:

 Spells                   Type           Power        Failure   Level  Hunger
 Inner Flame              Hex/Fire       #.......     24%         3    ###....
 Sticky Flame             Conj/Fire      ##......     38%         4    #####..
 Fireball                 Conj/Fire      ##........   75%         5    ######.


Dungeon Overview and Level Annotations

Branches:
Dungeon (3/15)

Altars:
Qazlal
The Shining One

Annotations:
D:3 Ijyb


Innate Abilities, Weirdness & Mutations

Your plain brown scales are hard. (AC +5)
You cannot fit into any form of body armour.
You are cold-blooded and may be slowed by cold attacks.


Message History

The flame tongue misses Ijyb.
The flame tongue hits the iguana.
The iguana is lightly wounded.
Ijyb hits you but does no damage.
You hit Ijyb.
Ijyb is severely wounded.
Ijyb hits you but does no damage.
You hit Ijyb.
Ijyb is almost dead.
Ijyb zaps a wand.
You are blasted!
It is a wand of disintegration (8).
You hit Ijyb but do no damage.
Ijyb is almost dead.
Ijyb zaps a wand.
You are blasted!
Ijyb hits you but does no damage.
You closely miss Ijyb.
Ijyb is almost dead.
Ijyb hits you but does no damage.
You hit Ijyb but do no damage.
Ijyb is almost dead.
Ijyb zaps a wand.
You are blasted!
Ouch! That really hurt!
You die...

##............#.####
.......<........#
.#.#.......#.####
#....(.......#
#.<....#.....#
#....).....#.#
#..........#.#
#...########.####
#.@.............#
#g##########....#


.lb #....# #.#. #....# #.#. #....# # #. #....### #. #......# .. #.......
#....... You could see Ijyb, an iguana and a bat.

Vanquished Creatures
  An orc wizard (D:3)
  2 adders (D:2)
  An adder skeleton (D:2)
  A worm (D:2)
  4 leopard geckos
  3 orcs
  9 bats
  A giant cockroach (D:1)
  2 goblins (D:2)
  10 hobgoblins
  3 frilled lizards
  7 kobolds
  12 rats
56 creatures vanquished.

Vanquished Creatures (others)
  A kobold (D:2)
1 creature vanquished.

Grand Total: 57 creatures vanquished

Notes
Turn   | Place    | Note
-------+----------+-------------------------------------------
     0 | D:1      | Grim the Draconian Fire Elementalist began the quest for
                  | the Orb.
     0 | D:1      | Reached XP level 1. HP: 14/14 MP: 3/3
   651 | D:1      | Reached XP level 2. HP: 20/20 MP: 3/5
  1573 | D:2      | Reached XP level 3. HP: 21/26 MP: 2/6
  2097 | D:2      | Learned a level 3 spell: Conjure Flame
  2193 | D:2      | Learned a level 2 spell: Throw Flame
  2493 | D:2      | Found a stormy altar of Qazlal.
  2553 | D:2      | Reached skill level 4 in Fire Magic
  2753 | D:2      | Reached XP level 4. HP: 24/33 MP: 1/7
  3267 | D:3      | Found a glowing golden altar of the Shining One.
  3467 | D:3      | Became a worshipper of the Shining One
  3592 | D:3      | Noticed Ijyb
  3608 | D:3      | Blown up by Ijyb

Skill      XL: |  1  2  3  4 |
---------------+-------------+-----
Conjurations   | 2 3 |  3.2
Fire Magic     | 4 |  4.3
Dodging        | |  1.7
Stealth        | |  1.7
Spellcasting   | |  2.0

Action                   |  1- 3 |  4- 6 || total
-------------------------+-------+-------++-------
Melee: Unarmed           |     9 |       ||     9
       Short sword       |    11 |     5 ||    16
       Falchion          |       |    12 ||    12
       Tailslap          |       |     1 ||     1
 Cast: Flame Tongue      |    74 |     9 ||    83
       Throw Flame       |     8 |    15 ||    23
       Conjure Flame     |     1 |       ||     1
  Use: Potion            |       |     3 ||     3
 Stab: Sleeping          |     2 |       ||     2
  Eat: Chunk             |     7 |     1 ||     8
       Ration            |       |     1 ||     1
Armor: Skin              |    13 |    19 ||    32
Dodge: Dodged            |    30 |    31 ||    61
       Rpst.: Falchion   |       |     3 ||     3
